 Dungeon Crawl Stone Soup version 0.25-a0-67-g7dccc1bee0 (webtiles) character file.

Game seed: 8229343815820196859, levelgen mode: deterministic

6586 iamserjio the Fighter (level 11, -25/81 HPs)
             Began as an Octopode Monk on Nov 1, 2019.
             Was an Elder of Ru.
             Annihilated by a white ugly thing (48 damage)
             ... on level 10 of the Dungeon.
             The game lasted 00:14:50 (10476 turns).

iamserjio the Fighter (Octopode Monk)              Turns: 10476, Time: 00:14:51

Health: -25/81     AC:  1    Str: 12    XL:     11   Next: 1%
Magic:  25/25      EV: 18    Int: 14    God:    Ru [****..]
Gold:   136        SH:  4    Dex: 13    Spells: 5/17 levels left

rFire    x . .     SeeInvis +   c - +2 dagger (elec)
rCold    x . .     Gourm    .   a - +0 buckler
rNeg     . . .     Faith    .   (helmet restricted)
rPois    .         Spirit   .   g - amulet of rage
rElec    .         Reflect  .   y - ring of stealth
rCorr    .         Harm     .   D - ring of magical power
MR       .....                  L - ring of see invisible
Stlth    ++++......             (no ring)
HPRegen  0.23/turn              (no ring)
MPRegen  0.19/turn              (no ring)
                                (no ring)
                                (no ring)

@: very slightly contaminated
A: almost no armour, stealthy swim, amphibious, 8 rings, constrict 8, camouflage
1, clumsy 1, gelatinous body 1, missing an eye, temperature sensitive
a: Draw Out Power, Power Leap, Renounce Religion, Evoke Berserk Rage


You were on level 10 of the Dungeon.
You worshipped Ru.
Ru was greatly pleased with you.
You were very hungry.

You visited 2 branches of the dungeon, and saw 11 of its levels.

You collected 556 gold pieces.
You spent 420 gold pieces at shops.

Inventory:

Hand Weapons
 c - a +2 dagger of electrocution (weapon)
 i - a +2 scimitar of flaming
 k - a +0 vampiric spear
 A - a +2 falchion of slicing
 C - a cursed +1 dagger of venom
 H - a cursed +3 trident
 I - a +3 battleaxe
 J - a +0 scimitar
Missiles
 l - 5 javelins
 r - 6 atropa-tipped darts (quivered)
 s - 2 silver boomerangs
Armour
 a - a +0 buckler (worn)
Magical Staves
 Q - an uncursed staff of fire
Jewellery
 g - an amulet of rage (around mantle)
 y - a ring of stealth (left tentacle)
 D - a ring of magical power (right tentacle)
 L - a ring of see invisible (on tentacle)
Wands
 z - a wand of disintegration (9)
 M - a wand of flame (16)
 O - a wand of polymorph (8)
 P - a wand of iceblast (10)
Scrolls
 e - 2 scrolls of enchant armour
 p - 2 scrolls of amnesia
 q - a scroll of remove curse {@r2}
 u - 2 scrolls of enchant weapon
 v - a scroll of magic mapping
 G - a scroll of teleportation {@r3}
Potions
 d - a potion of flight
 h - 3 potions of brilliance
 j - a potion of berserk rage
 n - 2 potions of lignification
 o - 2 potions of curing {unknown}
 w - a potion of might
 x - a potion of cancellation
 E - 2 potions of heal wounds {unknown}
 K - a potion of mutation {unknown}
 N - a potion of ambrosia {unknown}
Comestibles
 b - 21 rations


   Skills:
 - Level 10.0 Fighting
 - Level 3.0 Short Blades
 * Level 0.8(2.0) Long Blades
 - Level 10.0 Dodging
 - Level 2.6 Stealth
 * Level 2.2 Shields
 + Level 3.5 Spellcasting
 - Level 2.0 Hexes
 + Level 5.3 Summonings
 + Level 3.8 Air Magic
 - Level 3.0 Evocations


You had 5 spell levels left.
You knew the following spells:

 Your Spells              Type           Power        Failure   Level  Hunger
a - Summon Ice Beast      Ice/Summ       #.......     63%         4    #####..
b - Summon Lightning Spi  Summ/Air       ###.....     36%         4    #####..
c - Call Canine Familiar  Summ           ###.....     9%          3    ###....
d - Confusing Touch       Hex            #.....       11%         1    #......

Your spell library contained the following spells:

 Spells                   Type           Power        Failure   Level  Hunger
 Summon Small Mammal      Summ           ###.         2%          1    #......
 Call Imp                 Summ           ###.....     4%          2    ##.....
 Summon Guardian Golem    Hex/Summ       ##......     16%         3    ###....
 Magic Dart               Conj           #...         26%         1    #......
 Confuse                  Hex            #.......     32%         3    ###....
 Searing Ray              Conj           #.....       36%         2    ##.....
 Dazzling Spray           Conj/Hex       #.....       45%         3    ###....
 Gell's Gravitas          Tloc           #.........   58%         3    ###....
 Fulminant Prism          Conj/Hex       #.........   86%         4    #####..
 Force Lance              Conj/Tloc      #.......     94%         4    #####..
 Iskenderun's Mystic Bla  Conj           #.......     94%         4    #####..
 Petrify                  Tmut/Erth      #.......     94%         4    #####..
 Metabolic Englaciation   Hex/Ice        #.........   99%         5    ######.
 Yara's Violent Unravell  Hex/Tmut       #.........   99%         5    ######.


Dungeon Overview and Level Annotations

Branches:
Dungeon (10/15)            Temple (1/1) D:5            Lair (0/6) D:10
    Orc (0/2) D:10

Altars:
Ashenzari
Cheibriados
Dithmenos
Elyvilon
Fedhas
Gozag
Hepliaklqana
Kikubaaqudgha
Makhleb
Nemelex Xobeh
Okawaru
Qazlal
Ru
Sif Muna
Trog
Uskayaw
Vehumet
Wu Jian
Xom
Yredelemnul
Zin
The Shining One

Shops:
D:9 }

Annotations:
D:6 1 runed translucent door, hitsuchi's ghost, novice MfCK


Innate Abilities, Weirdness & Mutations

You cannot wear most types of armour.
You are very stealthy in the water. (Stealth+)
You are amphibious.
You can wear up to eight rings at the same time.
You can use your tentacles to constrict eight enemies at once.
Your skin changes colour to match your surroundings (Stealth+).
You are clumsy. (Dex -2)
Your rubbery body absorbs attacks. (AC +1, EV +1)
You are missing an eye, making it more difficult to aim.
You are sensitive to extremes of temperature. (rF-, rC-)


Message History

You sensed 1 altar, and 2 shops/portals.
Aiming: Disintegrate
Aim: a white ugly thing (chance to defeat MR: 62%)
The white ugly thing is blasted!!
Aiming: Disintegrate
Aim: a white ugly thing (moderately wounded, chance to defeat MR: 62%)
The white ugly thing resists with significant effort.
Aiming: Disintegrate
Aim: a white ugly thing (moderately wounded, chance to defeat MR: 62%)
The white ugly thing is blasted.
Aiming: Disintegrate
Aim: a white ugly thing (moderately wounded, chance to defeat MR: 62%)
The white ugly thing is blasted!!
Aiming: Disintegrate
Aim: a white ugly thing (severely wounded, chance to defeat MR: 62%)
The white ugly thing is blasted!
The white ugly thing punches you!
* * * LOW HITPOINT WARNING * * *
The white ugly thing freezes you!!!
You feel a terrible chill!
Ouch! That really hurt!
You die...

*,***,#.,,,,,,,,,.....
*,#.,,*..###***##.....
*,#.###.....# ##......
*,#.#.....#.###.Y..Y..
*,#.#.#.......YY......
*,#.....#YY.####......
****,#.........,,,.#.....
*,,,,#...$Y#.###**#*#.#..
*,**,#..@u......,,,,,.##.
*,***###########*,***##*.
*,* ***,*** *, *,*
####### **,,,,,* *,
**,**#≈≈≈≈≈#
**,,8*8,*****
*,,*≈#≈###≈#
*,,,*,*,,,,,,
*,,*≈#≈#.#≈#
*,,,8*8,,,,,,
*,,*≈#≈#.#≈#
*,,,,,,,,,,,,
**,**#≈#.#≈#
*************


You could see a death yak, a white ugly thing and 2 yaks.

Vanquished Creatures
  Pikel (D:6)
  An efreet (D:10)
  2 trolls
  A hornet (D:10)
  Prince Ribbit (D:6)
  2 hippogriffs
  A shadow (D:7)
  3 yaks (D:9)
  4 slaves (D:6)
  2 black bears
  2 ice beasts
  4 sky beasts
  4 phantoms
  A necrophage (D:9)
  2 ogres
  5 centaurs
  A crocodile (D:10)
  2 big kobolds
  3 bullfrogs
  3 scorpions
  5 killer bees (D:8)
  9 wights (D:7)
  3 howler monkeys (D:7)
  5 crimson imps
  3 quasits
  2 jellies
  A centaur zombie (D:7)
  3 orc priests
  2 hounds
  5 orc wizards
  An iguana (D:5)
  7 worker ants
  2 hound skeletons (D:7)
  A howler monkey zombie (D:7)
  9 gnolls
  15 adders
  An adder skeleton (D:4)
  5 worms
  6 leopard geckos
  18 orcs
  7 bats
  3 giant cockroaches
  11 goblins
  10 hobgoblins
  16 jackals
  2 quokkas
  6 frilled lizards
  15 kobolds
  13 rats
231 creatures vanquished.

Vanquished Creatures (others)
  A centaur (D:5)
1 creature vanquished.

Grand Total: 232 creatures vanquished

Notes
Turn   | Place    | Note
-------+----------+-------------------------------------------
     0 | D:1      | iamserjio the Octopode Monk began the quest for the Orb.
     0 | D:1      | Reached XP level 1. HP: 16/16 MP: 1/1
   236 | D:1      | Reached XP level 2. HP: 21/21 MP: 2/2
   523 | D:1      | Reached XP level 3. HP: 26/26 MP: 3/3
  1241 | D:2      | Reached XP level 4. HP: 29/33 MP: 4/4
  1597 | D:2      | Reached XP level 5. HP: 38/38 MP: 5/5
  2411 | D:3      | Reached skill level 1 in Evocations
  2411 | D:3      | Reached XP level 6. HP: 45/45 MP: 6/6
  2413 | D:3      | Reached skill level 5 in Dodging
  2478 | D:3      | Reached skill level 5 in Fighting
  3109 | D:4      | Reached XP level 7. HP: 47/50 MP: 8/8
  3878 | D:5      | Entered Level 5 of the Dungeon
  3891 | D:5      | Found a staircase to the Ecumenical Temple.
  3913 | Temple   | Entered the Ecumenical Temple
  3982 | Temple   | Became a worshipper of Ru the Awakened
  3993 | Temple   | Gained mutation: You are sensitive to extremes of
                  | temperature. (rF-, rC-) [Ru sacrifice]
  3993 | Temple   | Reached * piety under Ru
  3993 | Temple   | Reached ** piety under Ru
  4111 | D:5      | Reached XP level 8. HP: 39/58 MP: 10/10
  4399 | D:5      | Found a bloodstained altar of Trog.
  5087 | D:6      | Noticed Prince Ribbit
  5092 | D:6      | Noticed Pikel
  5128 | D:6      | Killed Prince Ribbit
  5527 | D:6      | Killed Pikel
  5527 | D:6      | Reached XP level 9. HP: 67/67 MP: 11/11
  5606 | D:6      | Found a hazy altar of Hepliaklqana.
  5674 | D:6      | Found a runed translucent door.
  5674 | D:6      | Noticed hitsuchi's ghost (novice MfCK)
  5881 | D:6      | Found an ornate altar of the Wu Jian Council.
  6625 | D:7      | Gained mutation: You are clumsy. (Dex -2) [Ru sacrifice]
  6625 | D:7      | Reached *** piety under Ru
  6869 | D:7      | Found a burning altar of Makhleb.
  7125 | D:7      | Reached skill level 10 in Fighting
  7125 | D:7      | Reached skill level 10 in Dodging
  7125 | D:7      | Reached XP level 10. HP: 67/76 MP: 12/12
  7203 | D:7      | Learned a level 4 spell: Summon Ice Beast
  7208 | D:7      | Learned a level 4 spell: Summon Lightning Spire
  7318 | D:8      | Reached skill level 1 in Summonings
  7482 | D:8      | Reached skill level 1 in Spellcasting
  7482 | D:8      | Reached skill level 1 in Air Magic
  7553 | D:8      | Found an iron altar of Okawaru.
  8350 | D:8      | Found a shadowy altar of Dithmenos.
  8352 | D:8      | Found a snail-covered altar of Cheibriados.
  8359 | D:8      | Found a basalt altar of Yredelemnul.
  8359 | D:8      | Found a glowing golden altar of the Shining One.
  8360 | D:8      | Found a glowing silver altar of Zin.
  8528 | D:9      | Learned a level 3 spell: Call Canine Familiar
  9101 | D:9      | Found a blossoming altar of Fedhas.
  9144 | D:9      | Found Hipiol's Gadget Shop.
  9147 | D:9      | Bought a wand of disintegration (16) for 240 gold pieces
  9147 | D:9      | Bought a wand of iceblast (11) for 180 gold pieces
  9220 | D:9      | Gained mutation: You are missing an eye, making it more
                  | difficult to aim. [Ru sacrifice]
  9220 | D:9      | Reached **** piety under Ru
  9225 | D:9      | Learned a level 1 spell: Confusing Touch
  9710 | D:10     | Entered Level 10 of the Dungeon
  9755 | D:10     | Reached skill level 1 in Hexes
  9865 | D:10     | Reached skill level 5 in Summonings
 10175 | D:10     | Reached skill level 1 in Shields
 10410 | D:10     | Reached XP level 11. HP: 81/81 MP: 16/16
 10452 | D:10     | Noticed a two-headed ogre
 10465 | D:10     | Found a staircase to the Lair.
 10465 | D:10     | Noticed a death yak
 10465 | D:10     | Noticed a white ugly thing
 10465 | D:10     | Noticed a death yak
 10476 | D:10     | Annihilated by a white ugly thing

Levels and vault maps discovered:
D:1:      elethiomel_arrival_quiet, layout_basic, columned_hall_lemuel
D:2:      layout_rooms, minmay_quadrilaterals
D:3:      layout_basic, first_ration
D:4:      layout_basic, serial_bayou_crossing
D:5:      layout_loops_cross, minmay_temple_entry_glass, bloody_trog
D:6:      layout_basic, nicolae_overflow_crystal_walls, marbit_many_paths,
          ebering_ghost_reflecting_pool, uniq_pikel, uniq_prince_ribbit1
D:7:      layout_loops_ring, nicolae_overflow_hidden_temple
D:8:      layout_loops_ring, minitemple, kennysheep_mini_moat
D:9:      layout_loops_corners, fedhas_altar_1, serial_glass, glass_columns_c,
          glass_columns_a, serial_shops, shop, blue_anna_alchemist
          [blue_anna_fruit_fields, blue_anna_fruit_fields]
D:10:     minmay_slanted_spiral_squares, layout_basic, dpeg_lair_monsters,
          orc_0_dummy, special_room [special_room_orc], serial_shops,
          nicolae_shop_trees, serial_aquarium, aquarium_bridge_long_joined
          [aquarium_subvault_balcony, aquarium_subvault_bridge,
          aquarium_subvault_wall, aquarium_subvault_window,
          aquarium_subvault_wall, aquarium_subvault_wall],
          aquarium_bridge_straight [aquarium_subvault_bridge,
          aquarium_subvault_wall, aquarium_subvault_bridge,
          aquarium_subvault_window], aquarium_window_1, aquarium_window_fake,
          aquarium_view_2b, aquarium_view_2b, aquarium_balcony_3a,
          aquarium_pool_2, minmay_statues_item, serial_park_tiny_2,
          kennysheep_another_room, minmay_liquid_box, minmay_shop_chei
Temple:   minmay_temple_bridge_abc

Skill      XL: |  1  2  3  4  5  6  7  8  9 10 |
---------------+-------------------------------+-----
Fighting       | 4 5 6 8 10 | 10.0
Dodging        | 4 5 6 8 10 | 10.0
Evocations     | 1 2 3 |  3.0
Summonings     | 5 |  5.3
Spellcasting   | 3 |  3.5
Air Magic      | 3 |  3.8
Hexes          | 2 |  2.0
Shields        | 2 |  2.2
Short Blades   | |  3.0
Long Blades    | |  0.8
Stealth        | |  2.6

Action                   |  1- 3 |  4- 6 |  7- 9 | 10-12 || total
-------------------------+-------+-------+-------+-------++-------
Melee: Short sword       |     5 |       |       |       ||     5
       Dagger            |    70 |    96 |   210 |   177 ||   553
       Constrict         |    17 |    22 |    36 |    16 ||    91
       Tentacles         |    10 |    15 |    34 |    29 ||    88
Throw: Javelin           |       |       |     5 |       ||     5
       Dart              |       |       |     2 |       ||     2
Invok: Sacrifice Resista |       |       |     1 |       ||     1
       Sacrifice Purity  |       |       |     1 |       ||     1
       Draw Out Power    |       |       |       |     2 ||     2
       Sacrifice an Eye  |       |       |       |     1 ||     1
 Abil: Evoke Berserk Rag |       |       |       |     2 ||     2
Evoke: Wand              |       |       |     6 |    12 ||    18
  Use: Scroll            |       |       |    10 |     6 ||    16
       Potion            |       |       |     2 |       ||     2
 Stab: Sleeping          |    13 |    18 |    21 |    11 ||    63
       Invisible         |       |       |     2 |     1 ||     3
       Distracted        |       |       |     1 |     1 ||     2
  Eat: Chunk             |     1 |     6 |    12 |    12 ||    31
Armor: Skin              |     1 |     3 |     4 |     6 ||    14
Dodge: Dodged            |    47 |    45 |   109 |   146 ||   347
Block: Buckler           |       |       |       |     2 ||     2

Table legend:
 A = Non-vault XP
 B = Vault XP
 C = Vault XP percentage of total XP
 D = Non-vault monster count
 E = Vault monster count
 F = Vault count percentage of total count
                 A         B        C        D         E       F
            +---------+---------+-------+---------+---------+-------
      Total |    7150 |    2259 |  24.0 |     213 |      15 |   6.6
            +---------+---------+-------+---------+---------+-------
        D:1 |      58 |       0 |   0.0 |      34 |       0 |   0.0
        D:2 |     138 |      35 |  20.2 |      30 |       5 |  14.3
        D:3 |     166 |       0 |   0.0 |      25 |       0 |   0.0
        D:4 |     585 |       0 |   0.0 |      21 |       0 |   0.0
        D:5 |     930 |       0 |   0.0 |      20 |       0 |   0.0
        D:6 |     180 |     905 |  83.4 |       5 |       2 |  28.6
        D:7 |    1771 |       0 |   0.0 |      32 |       0 |   0.0
        D:8 |     994 |       0 |   0.0 |      18 |       0 |   0.0
        D:9 |    1896 |     100 |   5.0 |      22 |       1 |   4.3
       D:10 |     432 |    1219 |  73.8 |       6 |       7 |  53.8
            +---------+---------+-------+---------+---------+-------
